 Dungeon Crawl Stone Soup version 0.25.1-2-g60ff931df9 (webtiles) character file.

Game seed: 6020402783665092792

9 DogServant the Charmwright (level 2, -2/22 HPs)
             Began as a Merfolk Skald on Oct 12, 2020.
             Slain by a gnoll
             ... wielding a +0 spear
              (8 damage)
             ... on level 1 of the Dungeon.
             The game lasted 00:01:06 (542 turns).

DogServant the Charmwright (Merfolk Skald)           Turns: 542, Time: 00:01:07

Health: -2/22      AC:  3    Str: 11    XL:     2   Next: 16%
Magic:  5/5        EV: 12    Int: 12    God:
Gold:   25         SH:  0    Dex: 13    Spells: 4/5 levels left

rFire    . . .     SeeInvis .   f - +0 whip (venom)
rCold    . . .     Gourm    .   (no shield)
rNeg     . . .     Faith    .   b - +0 leather armour
rPois    .         Spirit   .   (no helmet)
rElec    .         Reflect  .   (no cloak)
rCorr    .         Harm     .   (no gloves)
MR       .....                  (no boots)
Stlth    +.........             (no amulet)
HPRegen  0.07/turn              (no ring)
MPRegen  0.09/turn              (no ring)

@: no status effects
A: change form in water, swift swim, stealthy swim
a: no special abilities


You were on level 1 of the Dungeon.
You were not hungry.

You visited 1 branch of the dungeon, and saw 1 of its levels.

You collected 25 gold pieces.

Inventory:

Hand Weapons
 a - a +0 falchion
 f - a +0 whip of venom (weapon)
Armour
 b - a +0 leather armour (worn)
Jewellery
 h - an uncursed amulet of magic regeneration {unknown}
 j - an uncursed ring of magical power {unknown}
Scrolls
 e - a scroll of random uselessness {unknown}
 g - 2 scrolls of enchant armour {unknown}
 k - a scroll of identify {unknown}
Potions
 i - 2 potions of brilliance {unknown}
Comestibles
 d - 2 rations


   Skills:
 - Level 2.1 Fighting
 + Level 2.7 Long Blades
 - Level 0.6 Armour
 - Level 3.0 Dodging
 - Level 2.0 Spellcasting
 + Level 3.4 Charms


You had 4 spell levels left.
You knew the following spells:

 Your Spells              Type           Power        Failure   Level  Hunger
a - Infusion              Chrm           #...         9%          1    ##.....

Your spell library contained the following spells:

 Spells                   Type           Power        Failure   Level  Hunger
 Song of Slaying          Chrm           #.......     13%         2    ###....
 Shroud of Golubria       Chrm/Tloc      #.....       26%         2    ###....
 Ozocubu's Armour         Chrm/Ice       #.......     47%         3    ####...
 Spectral Weapon          Hex/Chrm       #.......     47%         3    ####...


Dungeon Overview and Level Annotations

Branches:
Dungeon (1/15)

Altars:


Message History

No target in view!
No target in view!
There is an escape hatch in the floor here.
You open the door.
There is an open door here.
i - 2 fizzy silvery potions (gained 1)
A gnoll comes into view. It is wielding a +0 spear.
A gnoll is nearby!
A gnoll is nearby!
The gnoll hits you with a +0 spear.
You closely miss the gnoll. The gnoll hits you with a +0 spear!
You are too injured to fight recklessly!
You are too injured to fight recklessly!
You are too injured to fight recklessly!
You closely miss the gnoll. The gnoll hits you with a +0 spear.
* * * LOW HITPOINT WARNING * * *
You hit the gnoll.
The gnoll is poisoned.
The gnoll is lightly wounded.
The gnoll hits you with a +0 spear!
You die...

#.#######.###### #.# #
#..............# #.#
#########.####.# #.#
#..(.....##.# #.#
#......#....# ##'##
############# #.).#
#...# ##########
#...## #.@g.....#
#...'.
###+######.######.#
#...## #.......##.#
#.# ##### #.......'..#
###.#### #
#......>#### #......#
#
######.....####......#
# #.###(..........#
#.#.........)...#
#.#.#...........#####


You could see a gnoll (very poisoned).

Vanquished Creatures
  2 bats (D:1)
  A giant cockroach (D:1)
  A goblin (D:1)
  A hobgoblin (D:1)
  A frilled lizard (D:1)
  2 kobolds (D:1)
  A rat (D:1)
9 creatures vanquished.

Vanquished Creatures (others)
  4 toadstools (D:1)
4 creatures vanquished.

Grand Total: 13 creatures vanquished

Notes
Turn   | Place    | Note
-------+----------+-------------------------------------------
     0 | D:1      | DogServant the Merfolk Skald began the quest for the Orb.
     0 | D:1      | Reached XP level 1. HP: 16/16 MP: 3/3
   235 | D:1      | Reached XP level 2. HP: 21/22 MP: 5/5
   542 | D:1      | Slain by a gnoll

Illustrated notes

Levels and vault maps discovered:
D:1:      ldierk_water_garden, layout_basic

Skill      XL: |  1  2 |
---------------+-------+-----
Dodging        | 3 |  3.0
Fighting       | |  2.1
Long Blades    | |  2.7
Armour         | |  0.6
Spellcasting   | |  2.0
Charms         | |  3.4

Action                   || total
-------------------------++-------
Melee: Falchion          ||    14
       Whip              ||    17
 Stab: Sleeping          ||     1
Armor: Leather armour    ||     5
Dodge: Dodged            ||    26
       Rpst.: Falchion   ||     2
